 Dungeon Crawl Stone Soup version 0.19-a0-19-gf75ed07 (webtiles) character file.

483 M4edhros the Martial Artist (level 6, -2/46 HPs)
             Began as a Vampire Monk on Apr 30, 2016.
             Slain by an orc zombie (4 damage)
             ... in an ossuary.
             The game lasted 00:09:48 (1356 turns).

M4edhros the Martial Artist (Vampire Monk)          Turns: 1356, Time: 00:09:49

Health: -2/46      AC:  9    Str: 12    XL:     6   Next: 88%
Magic:  6/6        EV: 11    Int: 13    God:
Gold:   93         SH:  3    Dex: 16    Spells: 0 memorised, 5 levels left

rFire  + . .     SeeInvis +       - Unarmed
rCold  . . .     Gourm    .     h - +1 ring mail {rF+}
rNeg   . . .     Faith    .     d - +0 buckler
rPois  .         Spirit   .     (no helmet)
rElec  .         Dismiss  .     g - +0 cloak
rCorr  .         Reflect  .     l - +0 pair of gloves
SustAt +         Harm     .     k - +0 pair of boots
MR     .....                    (no amulet)
Stlth  ++........               (no ring)
                                e - ring of sustain attributes

@: marked, regenerating quickly, not resistant to hostile enchantments,
unstealthy
A: fangs 3, see invisible, unbreathing
a: no special abilities


You were in an ossuary.
You were very full.

You visited 1 branch of the dungeon, and saw 5 of its levels.
You also visited: Ossuary.

You collected 93 gold pieces.

Inventory:

Missiles
 c - 15 sling bullets
Armour
 a - a +0 robe
 d - a +0 buckler (worn)
 g - a +0 cloak (worn)
 h - a +1 ring mail of fire resistance (worn)
 k - a +0 pair of boots (worn)
 l - a +0 pair of gloves (worn)
Magical Staves
 j - an uncursed staff of wizardry
Jewellery
 e - a ring of sustain attributes (left hand)
Scrolls
 f - a scroll of enchant weapon
 m - a scroll of identify
Potions
 n - a potion of brilliance


   Skills:
 - Level 2.6 Fighting
 - Level 3.2 Dodging
 - Level 3.0 Stealth
 + Level 9.1 Unarmed Combat


You had 5 spell levels left.
You didn't know any spells.

Dungeon Overview and Level Annotations

Branches:
Dungeon (5/15)
 Temple: D:4-7

Altars:
Qazlal


Innate Abilities, Weirdness & Mutations

Your natural rate of healing is unusually fast.
You have razor-sharp teeth.
You have supernaturally acute eyesight.
You can survive without breathing.


Message History

You hit the goblin zombie but do no damage.
The orc zombie closely misses you. You block the kobold zombie's attack.
You block the goblin zombie's attack.
The human zombie hits you but does no damage.
You barely miss the goblin zombie. You bite the goblin zombie.
The kobold zombie hits you but does no damage.
The orc zombie hits you but does no damage.
The goblin zombie barely misses you.
You barely miss the goblin zombie. The human zombie hits you.
* * * LOW HITPOINT WARNING * * *
You punch the goblin zombie!
You destroy the goblin zombie!
The orc zombie hits you.
* * * LOW HITPOINT WARNING * * *
The kobold zombie barely misses you.
The human zombie hits you but does no damage.
You punch the kobold zombie!
The kobold zombie hits you but does no damage.
The orc zombie hits you.
You die...

#....................#
#....................#
#........8..8........#
#....................#
#...######.^######...#
#...# #..# #...# #...#
#..# #...#
#...#Z####Z^####.#...#
#...#ZZZZ@Z......#...#
#...#Z####Z......#...#
#...# #.......#...#
#...# #.......#...#
#...# #.∩.....#...#
#...# ....'####...#
#...# #...#. #...#
#...#.. #...#
##############...#


You could see 2 adder zombies, a jackal zombie, 2 kobold zombies, 2 big kobold
zombies, an orc zombie and a human zombie.

Vanquished Creatures
  Grinder (D:5)
  A phantom (D:5)
  A crimson imp (D:5)
  An orc priest (D:4)
  2 iguanas
  A worker ant (D:4)
  2 mummies (Ossuary)
  A howler monkey skeleton (D:4)
  2 dart slugs
  4 orcs (D:4)
  2 giant cockroaches
  4 goblins
  A hobgoblin (D:1)
  2 kobolds
  2 quokkas
  A giant newt (D:1)
  2 goblin zombies (Ossuary)
  9 hobgoblin zombies (Ossuary)
  10 kobold zombies (Ossuary)
  5 orc zombies (Ossuary)
  2 rats
56 creatures vanquished.

Notes
Turn   | Place    | Note
--------------------------------------------------------------
     0 | D:1      | M4edhros the Vampire Monk began the quest for the Orb.
     0 | D:1      | Reached XP level 1. HP: 17/17 MP: 1/1
   251 | D:2      | Reached XP level 2. HP: 21/23 MP: 2/2
   253 | D:2      | Reached skill level 5 in Unarmed Combat
   491 | D:4      | Reached XP level 3. HP: 20/28 MP: 3/3
   529 | D:4      | HP: 1/28 [orc (2)]
   533 | D:4      | Reached skill level 6 in Unarmed Combat
   533 | D:4      | Reached XP level 4. HP: 2/34 MP: 4/4
   705 | D:4      | Found a stormy altar of Qazlal.
   810 | D:5      | Entered Level 5 of the Dungeon
   815 | D:5      | Noticed Grinder
   834 | D:5      | Reached skill level 7 in Unarmed Combat
   834 | D:5      | Reached XP level 5. HP: 28/39 MP: 5/5
   872 | D:5      | Noticed a phantom
   878 | D:5      | Killed Grinder
   878 | D:5      | Reached skill level 8 in Unarmed Combat
   878 | D:5      | Reached XP level 6. HP: 8/46 MP: 6/6
  1159 | D:5      | Found a sand-covered staircase.
  1207 | Ossuary  | Entered an ossuary
  1263 | Ossuary  | Reached skill level 9 in Unarmed Combat
  1354 | Ossuary  | HP: 2/46 [human zombie (2)]
  1356 | Ossuary  | Slain by an orc zombie

Vault maps used:
D:1:      lightli_arrival_maybe_door_vault, grunt_decor_arrowhead,
          hangedman_decor_riveting
D:3:      hangedman_decor_growths, minmay_distorted
D:4:      grunt_temple_overflow_diamond, nicolae_overflow_crystal_walls,
          first_bread, minmay_box_of_dots
D:5:      nicolae_ossuary_entry_false_entrances, minmay_misc_feat_columns,
          dk_rats_in_the_wall, uniq_grinder
Ossuary:  ossuary_tomb_1

Skill      XL: |  1  2  3  4  5  6 |
---------------+-------------------+-----
Unarmed Combat | 5 6 7 8 9 |  9.1
Fighting       | |  2.6
Dodging        | |  3.2
Stealth        | |  3.0

Action                   |  1- 3 |  4- 6 || total
-------------------------+-------+-------++-------
Melee: Unarmed           |    73 |   169 ||   242
       Bite              |    10 |    15 ||    25
  Use: Potion            |     8 |     5 ||    13
       Scroll            |     1 |     1 ||     2
 Stab: Sleeping          |     3 |     1 ||     4
       Distracted        |     1 |       ||     1
Armor: Robe              |     9 |     1 ||    10
       Ring mail         |       |    54 ||    54
Dodge: Dodged            |    38 |    69 ||   107
Block: Buckler           |     8 |    16 ||    24
